AoeStats
← Clueless Clown

Arabia

504339039Analyzed
2v2 RM · 27d ago on Sep 4, 2026· 22m 28s· 4 players
Game mode
Random Map
Map size
Medium (4 player)
Population
200
Speed
Normal
Resources
Standard
Victory
Conquest
Starting age
Dark Age
Ending age
Imperial Age
RankedLock teamsTeams togetherTeam positionsShared explorationLock speedFull tech treeHidden civsTurbo modeCheats
Victory
Defeat
🇧🇷 Spanish · Brazil
1028
+15
🇺🇸 Jurchens · United States
981
+17
🇨🇷 Vietnamese · Costa Rica
1011
-16
🇨🇷 Franks · Costa Rica
1007
-16
Ganito
5:34 Loom
7:36 Loom
11:05 Feudal Age
12:17 Double-Bit Axe
13:43 Scale Mail Armor
13:54 Forging
18:32 Castle Age
19:49 Scale Mail Armor
Yulego24
6:02 Loom
10:22 Feudal Age
11:31 Double-Bit Axe
19:04 Castle Age
17:53 Padded Archer Armor
20:07 Elite Skirmisher
Clueless Clown
7:54 Loom
10:15 Feudal Age
14:08 Castle Age
13:10 Scale Mail Armor
14:54 Squires
17:06 Arson
18:15 Forging
20:27 Chain Mail Armor
23:25 Iron Casting
LDRI | LucanoO
9:28 Loom
11:27 Feudal Age
13:09 Wheelbarrow
12:21 Double-Bit Axe
13:17 Gold Mining
15:16 Stone Mining
23:21 Castle Age
22:18 Bloodlines
Connection lost

Rejoining the realm…

Still unreachable

The connection could not be restored.

Session expired

The server has moved on; the page needs a fresh start.